 Dungeon Sprint DCSS version 0.31-a0-654-gbe3e110b4e (webtiles) character file.

Game seed: 15696815432683920536

132 Midn8 the Brawler (level 9, -5/105 HPs)
             Began as a Troll Fighter on Aug 29, 2023.
             Was a High Priest of Ru.
             Splashed by a goliath frog's acid (11 damage)
             ... in the Dungeon (Sprint VI: "Thunderdome").
             The game lasted 00:08:11 (727 turns).

Midn8 the Brawler (Troll Fighter)                    Turns: 727, Time: 00:08:11

Health: -5/105     AC: -4    Str: 32    XL:     9   Next: 30%
Magic:  3/9        EV:  8    Int:  4    God:    Ru [*****.]
Gold:   205        SH:  8    Dex:  9    Spells: 10/10 levels left

rFire   . .          .
                       - Unarmed
rCold   . . .        b - +0 kite shield
rNeg    . . .        a - +0 robe
rPois   .            (helmet currently unavailable)
rElec   +            (cloak currently unavailable)
rCorr   .            (gloves unavailable)
SInv    .            (boots unavailable)
Will    .....        o - amulet "Joigu" {Faith rElec Str+6 Dex-4}
Stlth   +            (no ring)
HPRegen 1.17/turn    (no ring)
MPRegen 0.11/turn

%: no teleportation, faith
@: beast-form, corroded
A: beast (slay +3), large, unfitting armour, claws 3, regeneration 1, shaggy fur
1, tough skin 1, inability to use devices, hated by all, inability to train
dodging
a: Begin Untransformation, Renounce Religion, Draw Out Power, Power Leap,
Apocalypse


You were in the Dungeon.
You worshipped Ru.
Ru was extremely pleased with you.
You were a hulking beast.
You visited 1 branch You collected 390 gold pieces.
You spent 185 gold pieces at shops.

Inventory:

Armour
 a - a +0 robe (worn)
 b - a +0 kite shield (worn)
Jewellery
 o - the amulet "Joigu" (around neck) {Faith rElec Str+6 Dex-4}
   (You bought it in a shop in the Dungeon)

   [amulet of faith]

   Faith:     It allows you to gain divine favour quickly.
   Str+6:     It affects your strength (+6).
   Dex-4:     It affects your dexterity (-4).
   rElec:     It insulates you from electricity.
Talismans
 n - a beast talisman (active)
Wands
 j - a wand of acid (5)
 k - a wand of roots (5)
Scrolls
 i - 2 scrolls of blinking
 l - 3 scrolls of fog
Potions
 c - a potion of might
 d - a potion of curing
 e - 3 potions of heal wounds
 f - 4 potions of haste
 g - 2 potions of magic
 m - a potion of resistance


   Skills:
 + Level 11.2 Fighting
 - Level 5.0 Shields
 + Level 15.1 Unarmed Combat
 - Level 1.0 Spellcasting
 - Level 6.0 Shapeshifting


You had 10 spell levels left.
You didn't know any spells.
Your spell library was empty.

Dungeon Overview and Level Annotations

Branches:
Dungeon (1/1)

Altars:
Cheibriados
Dithmenos
Gozag
Kikubaaqudgha
Makhleb
Okawaru
Qazlal
Ru
Sif Muna
Trog
Uskayaw
Vehumet
Wu Jian
Xom
Zin
The Shining One
Lugonu

Shops:
D *[=??*?*:[((!!!!

Annotations:
D Lernaean hydra


Innate Abilities, Weirdness & Mutations

You are a hulking beast.
Your limbs bulge with bestial killing power. (Slay +3)
You are too large for most types of armour.
You have claws for hands.
Your natural rate of healing is unusually fast.
You are covered in fur. (AC +1)
You have tough skin. (AC +1)
You cannot study or use magical devices.
You are hated by all.
You cannot train Dodging skill.


Message History

A bog body comes into view.
As you read the scroll of blinking, it crumbles to dust.
You feel sick.
You are no longer poisoned.
You eviscerate the bog body!!!
You destroy the bog body!
Your Fighting skill increases to level 11!
Your Unarmed Combat skill increases to level 15!
Okay, then.
Things that are here:
a +0 robe; a +0 club A goliath frog comes into view.
The goliath frog barely misses you.
You barely miss the goliath frog. The goliath frog hits you!
You are splashed with acid!
You focus your inner power and blind the goliath frog in retribution!
You scratch the goliath frog but do no damage.
The goliath frog hits you!
You are splashed with acid.
A goliath frog comes into view.
You claw the goliath frog!
The goliath frog is moderately wounded.
The goliath frog hits you! The acid corrodes you!
You are splashed with acid!
A seven-headed hydra comes into view. 50...
The goliath frog hits you from afar!!
* * * LOW HITPOINT WARNING * * *
The acid corrodes you!
You are splashed with acid!
* * * LOW HITPOINT WARNING * * *
Unknown command.
You feel less exhausted. You block the goliath frog's attack.
Unknown command.
The goliath frog attacks as it pursues you!
The goliath frog barely misses you. You block the goliath frog's attack.
You closely miss the goliath frog.
The goliath frog is lightly wounded.
The goliath frog hits you from afar.
* * * LOW HITPOINT WARNING * * *
You are splashed with acid!
You die...

#_......._#
###.........###
#⌠.........).⌠#
#.8.........8.######
......###.[....___∩##
....8.# #.8........∩###
...[..###[............##
...###...###..D..(....⌠#
...# #.<.# #..FFh.....⌠#
...###...###..........⌠#
.....)###..†.D........##
....8.# #.8..[.....∩###
.÷...[###......__.∩##
#.8)........8.######
#⌠...........⌠#
###.........###
#_......._#


You could see the 27-headed Lernaean hydra, a seven-headed hydra and 2 goliath
frogs.

Vanquished Creatures
  A bog body (D)
  3 kobold demonologists (D)
  A bloated husk (D)
  A hornet (D)
  Grinder (D)
  A spriggan (D)
  A wolf (D)
  3 kobold brigands (D)
  A gnoll sergeant (D)
  3 quasits (D)
  A gnoll bouda (D)
  A hound (D)
  2 adders (D)
  A gnoll (D)
  A shadow imp (D)
  A bat (D)
  2 endoplasms (D)
  A kobold (D)
  A rat (D)
27 creatures vanquished.

Notes
Turn   | Place    | Note
-------+----------+-------------------------------------------
     0 | D        | Midn8 the Troll Fighter began the quest for the Orb.
     0 | D        | Reached XP level 1. HP: 22/22 MP: 0/0
     1 | D        | Found a corrupted altar of Lugonu.
     2 | D        | Found a sacrificial altar of Ru.
     2 | D        | Found an ancient bone altar of Kikubaaqudgha.
     3 | D        | Found a stormy altar of Qazlal.
     3 | D        | Found a snail-covered altar of Cheibriados.
     4 | D        | Found Xiffah's Identification Station.
     4 | D        | Found an ornate altar of the Wu Jian Council.
     4 | D        | Found a glowing golden altar of the Shining One.
     4 | D        | Found Eryzywko's Timeless Talismans.
     5 | D        | Found Fucuil's Advanced Armour.
     5 | D        | Found Muuf's Jewellery.
     5 | D        | Found an iron altar of Okawaru.
     5 | D        | Round 1.
    10 | D        | Became a worshipper of Ru the Awakened
    19 | D        | Bought a beast talisman for 140 gold pieces
    20 | D        | Found a shadowy altar of Dithmenos.
    27 | D        | Found a shimmering altar of Xom.
    27 | D        | Found Vumynuxu's Premium Goods.
    27 | D        | Found Liol's Weapon Rack.
    28 | D        | Found Ozy Geum's Miscellaneous Merchandise.
    28 | D        | Found Reule's Basic Armour.
    31 | D        | Found a burning altar of Makhleb.
    32 | D        | Found a blossoming altar of Fedhas.
    34 | D        | Found Gyehu Uruso's Do-It-Yourself Clinic.
    73 | D        | Reached skill level 4 in Unarmed Combat
    73 | D        | Reached XP level 2. HP: 17/29 MP: 1/1
    73 | D        | Gained mutation: You are hated by all. [Ru sacrifice]
    73 | D        | Reached * piety under Ru
    73 | D        | Reached ** piety under Ru
    81 | D        | Reached skill level 5 in Unarmed Combat
    93 | D        | Bought an ancient amethyst amulet for 45 gold pieces
    93 | D        | Identified the amulet "Joigu" {Faith rElec Str+6 Dex-4}
                  | (You bought it in a shop in the Dungeon)
   119 | D        | Found Nibatih's Bottled Wisdom.
   119 | D        | Found Osag's Distillery.
   126 | D        | Found Hoasoll's Distillery.
   126 | D        | Found a shimmering blue altar of Sif Muna.
   126 | D        | Found an opulent altar of Gozag.
   126 | D        | Found a glowing silver altar of Zin.
   146 | D        | Found a radiant altar of Vehumet.
   150 | D        | Found a hide-covered altar of Uskayaw.
   150 | D        | Found a bloodstained altar of Trog.
   150 | D        | Found Aloagh's Staff Store.
   150 | D        | Found Ineliag's Must-Have Magic.
   151 | D        | Found Ufej's Magic Scroll Shop.
   157 | D        | Found Lugu's Magic Scroll Shop.
   176 | D        | Arena points: 14 (+14) [x2]
   177 | D        | Reached skill level 6 in Unarmed Combat
   201 | D        | Round 2.
   224 | D        | Reached XP level 3. HP: 23/36 MP: 2/2
   291 | D        | Noticed Grinder
   296 | D        | Paralysed by Grinder for 3 turns
   302 | D        | Lost dexterity.
   312 | D        | Killed Grinder
   313 | D        | Reached skill level 10 in Unarmed Combat
   313 | D        | Reached skill level 5 in Fighting
   313 | D        | Reached XP level 4. HP: 32/50 MP: 3/3
   313 | D        | Reached XP level 5. HP: 37/57 MP: 4/4
   316 | D        | Reached XP level 6. HP: 33/67 MP: 5/5
   316 | D        | Arena points: 50 (+36) [x3]
   332 | D        | Round 3.
   351 | D        | Reached skill level 5 in Shapeshifting
   374 | D        | Gained mutation: You cannot study or use magical devices.
                  | [Ru sacrifice]
   374 | D        | Reached *** piety under Ru
   374 | D        | Reached **** piety under Ru
   379 | D        | Reached skill level 11 in Unarmed Combat
   399 | D        | Reached XP level 7. HP: 78/78 MP: 1/6
   457 | D        | Arena points: 68 (+18) [x1]
   472 | D        | Round 4.
   472 | D        | Noticed a kobold demonologist
   481 | D        | Killed a kobold demonologist
   482 | D        | Reached skill level 12 in Unarmed Combat
   482 | D        | Reached skill level 5 in Shields
   508 | D        | Noticed a kobold demonologist
   514 | D        | Noticed a rust devil
   515 | D        | Killed a kobold demonologist
   516 | D        | Reached skill level 13 in Unarmed Combat
   516 | D        | Reached XP level 8. HP: 85/87 MP: 7/7
   547 | D        | Reached skill level 14 in Unarmed Combat
   573 | D        | Noticed a kobold demonologist
   580 | D        | Killed a kobold demonologist
   595 | D        | Arena points: 132 (+64) [x2]
   616 | D        | Gained mutation: You cannot train Dodging skill. [Ru
                  | sacrifice]
   616 | D        | Reached ***** piety under Ru
   674 | D        | Round 5.
   677 | D        | Noticed the 27-headed Lernaean hydra
   677 | D        | Noticed a spriggan rider
   684 | D        | Paralysed by a hornet for 3 turns
   685 | D        | Reached skill level 1 in Spellcasting
   690 | D        | Noticed a bloated husk
   694 | D        | Killed a bloated husk
   694 | D        | Killed a hornet
   695 | D        | Reached skill level 10 in Fighting
   695 | D        | Reached XP level 9. HP: 56/102 MP: 0/9
   695 | D        | Noticed a bog body
   696 | D        | Killed a bog body
   697 | D        | Reached skill level 15 in Unarmed Combat
   717 | D        | Noticed a goliath frog
   721 | D        | Noticed a goliath frog
   723 | D        | Noticed a seven-headed hydra
   727 | D        | Splashed by a goliath frog's acid

Illustrated notes

Levels and vault maps discovered:
D:        arena_sprint

Skill      XL: |  1  2  3  4  5  6  7  8  9 |
---------------+----------------------------+-----
Unarmed Combat | 4 6 10 11 13 14 15 | 15.1
Fighting       | 5 6 7 10 11 | 11.2
Shapeshifting  | 3 4 6 |  6.0
Shields        | 5 |  5.0
Dodging        | 0 |  0.0
Spellcasting   | 1 |  1.0

Action                     |  1- 3 |  4- 6 |  7- 9 || total
---------------------------+-------+-------+-------++-------
  Melee: Unarmed           |    39 |    25 |    27 ||    91
 Invoke: Sacrifice Love    |     1 |       |       ||     1
         Power Leap        |       |     1 |     1 ||     2
         Sacrifice Artific |       |     1 |       ||     1
         Apocalypse        |       |       |     1 ||     1
         Sacrifice Nimblen |       |       |     1 ||     1
    Use: Potion            |     2 |       |       ||     2
         Scroll            |       |       |     2 ||     2
 Armour: Robe              |    86 |    13 |     2 ||   101
  Dodge: Dodged            |    19 |     8 |     7 ||    34
  Block: Kite shield       |    21 |     4 |     6 ||    31
   Form: Beast             |     1 |       |       ||     1

Table legend: (Time is in decaauts)
 A = Elapsed time spent in this place.
 B = Non-inter-level travel time spent in this place.
 C = Inter-level travel time spent in this place.
 D = Time resting spent in this place.
 E = Time spent auto-exploring this place.
 F = Levels seen in this place.
 G = Mean time per level.
                   A        B        C        D        E       F      G
               +--------+--------+--------+--------+--------+-----+--------+
         Total |    735 |    735 |      0 |    235 |     78 |   1 |  735.0 |
       Dungeon |    735 |    735 |      0 |    235 |     78 |   1 |  735.0 |
               +--------+--------+--------+--------+--------+-----+--------+

Top non-repeatable levels by time:
       D: 735 daAuts
